 Dungeon Crawl Stone Soup version 0.30-a0-292-g0f741e3f8e (webtiles) character file.

Game seed: 14794406080630686250

5 chippings the Poker (level 1, -1/17 HPs)
             Began as a Merfolk Gladiator on Oct 17, 2022.
             Slain by a kobold
             ... wielding a +0 mace
              (5 damage)
             ... on level 1 of the Dungeon.
             The game lasted 00:00:17 (54 turns).

chippings the Poker (Merfolk Gladiator)               Turns: 54, Time: 00:00:17

Health: -1/17      AC:  4    Str: 14    XL:     1   Next: 80%
Magic:  1/1        EV: 13    Int:  7    God:
Gold:   0          SH:  0    Dex: 15    Spells: 0/0 levels left

rFire   . . .      SeeInvis .    a - +0 trident
rCold   . . .      Faith    .    (no shield)
rNeg    . . .      Spirit   .    b - +0 leather armour
rPois   .          Reflect  .    c - +0 helmet
rElec   .          Harm     .    (no cloak)
rCorr   .          Rampage  .    (no gloves)
Will    .....                    (no boots)
Stlth   +.........               (no amulet)
HPRegen 0.22/turn                (no ring)
MPRegen 0.07/turn                (no ring)

@: no status effects
A: (nimble swimmer 2), mertail
a: no special abilities


You were on level 1 of the Dungeon.
You visited 1 branch of the dungeon, and saw 1 of its levels.

Inventory:

Hand Weapons
 a - a +0 trident (weapon)
Missiles
 d - 3 throwing nets (quivered)
 e - a javelin
Armour
 b - a +0 leather armour (worn)
 c - a +0 helmet (worn)


   Skills:
 + Level 2.5 Fighting
 + Level 4.2 Polearms
 - Level 2.0 Throwing
 - Level 4.0 Dodging


You couldn't memorise any spells.
You didn't know any spells.
Your spell library was empty.

Dungeon Overview and Level Annotations

Branches:
Dungeon (1/15)

Altars:


Innate Abilities, Weirdness & Mutations

((You are very nimble when in or above water. (Stealth+, EV+, Speed+++)))
Your lower body shifts to a powerful aquatic tail in water.


Message History

As you open the door, it creaks loudly!
You hear a shout! x2
There is an open door here.
You open the door. 2 goblins come into view.
The goblin shouts!
The goblin moves out of view.
The goblin barely misses you. The goblin misses you.
There is an open door here.
There are monsters nearby!
You hit the goblin.
You kill the goblin!
The goblin barely misses you. The goblin hits you but does no damage.
You see here 4 stones.
You miss the goblin. The goblin barely misses you.
You puncture the goblin!
You kill the goblin!
You see here 4 stones.
There is an open door here.
There is an open door here.
You open the door.
There is an open door here.
You open the door.
A kobold comes into view. It is wielding a +0 mace.
There is an open door here.
A kobold is nearby!
The kobold hits you but does no damage.
You miss the kobold. The kobold misses you.
You closely miss the kobold. The kobold hits you with a +0 mace.
You hit the kobold but do no damage. The kobold barely misses you.
The kobold hits you with a +0 mace.
You closely miss the kobold. The kobold hits you but does no damage.
You completely miss the kobold. The kobold barely misses you.
You barely miss the kobold. The kobold misses you.
You closely miss the kobold. The kobold misses you.
You barely miss the kobold. The kobold hits you with a +0 mace.
* * * LOW HITPOINT WARNING * * *
You hit the kobold but do no damage. The kobold hits you but does no damage.
You hit the kobold but do no damage. The kobold hits you with a +0 mace.
You die...

####+####
###§≈≈≈≈≈≈###
#≈≈≈.....§≈≈#
#..K@.......#
######'######
###8'8#8### #####
##.........###..≈##
##...........##..≈≈#
.#............##...≈#
........<.....8'(..≈+
.#............'#(..≈#
##...........##..§≈#


You could see a kobold.

Vanquished Creatures
  2 goblins (D:1)
  2 hobgoblins (D:1)
4 creatures vanquished.

Notes
Turn   | Place    | Note
-------+----------+-------------------------------------------
     0 | D:1      | chippings the Merfolk Gladiator began the quest for the
                  | Orb.
     0 | D:1      | Reached XP level 1. HP: 16/16 MP: 1/1
    54 | D:1      | Slain by a kobold

Illustrated notes

Levels and vault maps discovered:
D:1:      dpeg_arrival_morbid_curiosity, layout_basic, grunt_decor_cap,
          chequers_garden, minmay_misc_feat_tiny, hex_tiny,
          grunt_decor_arrowhead, chequers_serial_rivers_marsh

Action                   || total
-------------------------++-------
Melee: Trident           ||    17
Armor: Leather armour    ||     4
Dodge: Dodged            ||    11

Table legend: (Time is in decaauts)
 A = Elapsed time spent in this place.
 B = Non-inter-level travel time spent in this place.
 C = Inter-level travel time spent in this place.
 D = Time resting spent in this place.
 E = Time spent auto-exploring this place.
 F = Levels seen in this place.
 G = Mean time per level.
                   A        B        C        D        E       F      G
               +--------+--------+--------+--------+--------+-----+--------+
         Total |     55 |     55 |      0 |      0 |      7 |   1 |   55.0 |
       Dungeon |     55 |     55 |      0 |      0 |      7 |   1 |   55.0 |
               +--------+--------+--------+--------+--------+-----+--------+

Top non-repeatable levels by time:
     D:1: 55 daAuts
